 Dungeon Crawl Stone Soup version 0.19-a0-1626-g5215c36 (webtiles) character file.

1299 cosh the Conjurer (level 8, -6/63 HPs)
             Began as a Mottled Draconian Conjurer on Sept 18, 2016.
             Mangled by a mummy (9 damage)
             ... in an ossuary.
             The game lasted 00:20:47 (6978 turns).

cosh the Conjurer (Mottled Draconian Conjurer)      Turns: 6978, Time: 00:20:49

Health: -6/63      AC: 10    Str: 15    XL:     8   Next: 31%
Magic:  3/16       EV: 13    Int: 18    God:
Gold:   223        SH:  0    Dex: 12    Spells: 2 memorised, 15 levels left

rFire  . . .     SeeInvis +     d - +1 flail
rCold  . . .     Gourm    .     (armour unavailable)
rNeg   . . .     Faith    .     (no shield)
rPois  .         Spirit   .     (helmet restricted)
rElec  .         Dismiss  .     k - +2 cloak
rCorr  .         Reflect  .     w - +0 pair of gloves
MR     .....     Harm     .     (no boots)
Stlth  ++........               h - amulet of magic regeneration
                                (no ring)
                                v - ring of see invisible

@: mighty
A: breathe sticky flame splash, unfitting armour, cold-blooded, AC +6
a: Breathe Sticky Flame


You were in an ossuary.
You were not hungry.

You visited 2 branches of the dungeon, and saw 7 of its levels.
You also visited: Ossuary.

You collected 223 gold pieces.

Inventory:

Hand Weapons
 d - a +1 flail (weapon)
Armour
 k - a +2 cloak (worn)
 w - a +0 pair of gloves (worn)
Jewellery
 h - an amulet of magic regeneration (around neck)
 l - an uncursed amulet of regeneration
 v - a ring of see invisible (left hand)
 y - an uncursed ring of poison resistance {unknown}
Wands
 I - a wand of random effects (32/48)
Scrolls
 c - 7 scrolls of identify
 i - a scroll of noise
 n - 2 scrolls of remove curse
 p - a scroll of teleportation
 s - a scroll of random uselessness
Potions
 f - 2 potions of resistance
 t - a potion of might
 u - 2 potions of haste {unknown}
 z - 2 potions of degeneration {unknown}
 A - a potion of cure mutation {unknown}
 B - a potion of mutation {unknown}
 C - a potion of berserk rage {unknown}
 D - a potion of heal wounds {unknown}
 E - a potion of brilliance {unknown}
 F - a potion of lignification {unknown}
Books
 a - a book of Conjurations

   Spells                             Type                      Level
   a - Magic Dart                     Conjuration                  1
   b - Searing Ray                    Conjuration                  2
   c - Dazzling Spray                 Conjuration/Hexes            3
   d - Fulminant Prism                Conjuration/Hexes            4
   e - Iskenderun's Mystic Blast      Conjuration                  4
   f - Iskenderun's Battlesphere      Conjuration/Charms           5
 q - a book of Misfortune

   Spells                             Type                      Level
   a - Confusing Touch                Hexes                        1
   b - Confuse                        Hexes                        3
   c - Gell's Gravitas                Hexes/Translocation          3
   d - Petrify                        Transmutation/Earth          4
   e - Metabolic Englaciation         Hexes/Ice                    5
   f - Yara's Violent Unravelling     Hexes/Transmutation          5
Comestibles
 b - 4 bread rations
 m - 2 meat rations


   Skills:
 + Level 3.2 Fighting
 + Level 3.0 Maces & Flails
 + Level 3.3 Dodging
 + Level 3.1 Stealth
 + Level 0.2 Unarmed Combat
 + Level 5.6 Spellcasting
 + Level 6.7 Conjurations


You had 15 spell levels left.
You knew the following spells:

 Your Spells              Type           Power        Failure   Level  Hunger
a - Magic Dart            Conj           ####         1%          1    None
b - Searing Ray           Conj           ####..       1%          2    None


Dungeon Overview and Level Annotations

Branches:
Dungeon (6/15)             Temple (1/1) D:5

Altars:
Ashenzari
Cheibriados
Dithmenos
Elyvilon
Fedhas
Gozag
Hepliaklqana
Kikubaaqudgha
Nemelex Xobeh
Okawaru
Qazlal
Ru
Trog
Uskayaw
Xom
Yredelemnul
Zin
The Shining One

Annotations:
D:5 exclusion: sky beast


Innate Abilities, Weirdness & Mutations

You can spit globs of burning liquid.
You can ignite nearby creatures when you spit burning liquid.
Your weird mottled scales are hard. (AC +6)
Your body does not fit into most forms of armour.
You are cold-blooded and may be slowed by cold attacks.


Message History

The bullfrog zombie hits you but does no damage.
The searing ray hits the bullfrog zombie.
You destroy the bullfrog zombie!
Your Maces & Flails skill increases to level 3!
You finish channeling your searing ray.
Casting: Searing Ray
Confirm with . or Enter, or press ? or * to list all spells.
Aiming: Searing Ray
Press: ? - help, Shift-Dir - straight line, f - mummy
Aim: a mummy The searing ray hits the mummy.
The mummy is moderately damaged.
The mummy hits you!
* * * LOW HITPOINT WARNING * * *
The searing ray hits the mummy.
The mummy is heavily damaged.
The searing ray hits the mummy.
The mummy is severely damaged.
The mummy hits you!
You die...

≈≈# ≈≈+ ≈.#
##.# '≈'
###≈#####
#...#..∩#
#≈≈.M.∩.#
#≈≈P.≈#@..#
#≈###.#####
# .≈≈ #≈.#
##PW ≈## #


You could see a mummy.

Vanquished Creatures
  The ghost of Bronet the Shield-Bearer, a novice DDFi (Ossuary)
  An ogre (D:5)
  A centaur (D:5)
  2 scorpions
  A crimson imp (D:5)
  A bullfrog zombie (Ossuary)
  3 orc wizards
  A hound (D:5)
  Crazy Yiuf (D:5)
  A bullfrog skeleton (D:5)
  7 mummies (Ossuary)
  5 worker ants
  A hound zombie (D:5)
  A worker ant zombie (D:5)
  7 adders
  A shadow imp (D:5)
  An adder skeleton (D:4)
  A dart slug (D:1)
  2 leopard geckos
  10 orcs
  A ball python (D:6)
  7 bats
  A giant cockroach (D:1)
  8 hobgoblins
  11 jackals
  10 kobolds
  2 quokkas
  8 frilled lizards
  7 goblins
  A jackal skeleton (D:5)
  A leopard gecko zombie (D:5)
  6 rats
112 creatures vanquished.

Vanquished Creatures (others)
  2 withered plants (Ossuary)
2 creatures vanquished.

Grand Total: 114 creatures vanquished

Notes
Turn   | Place    | Note
-------+----------+-------------------------------------------
     0 | D:1      | cosh the Draconian Conjurer began the quest for the Orb.
     0 | D:1      | Reached XP level 1. HP: 14/14 MP: 3/3
   124 | D:1      | Reached XP level 2. HP: 5/20 MP: 0/5
   867 | D:1      | Reached XP level 3. HP: 22/26 MP: 3/6
  1828 | D:2      | Reached XP level 4. HP: 33/33 MP: 7/7
  2006 | D:3      | Found a faded altar of an unknown god.
  2187 | D:3      | Learned a level 2 spell: Searing Ray
  2828 | D:4      | Reached skill level 5 in Conjurations
  2923 | D:4      | Reached skill level 1 in Maces & Flails
  2923 | D:4      | Reached XP level 5. HP: 21/39 MP: 0/10
  3612 | D:4      | Reached skill level 1 in Fighting
  4064 | D:5      | Entered Level 5 of the Dungeon
  4082 | D:5      | Reached XP level 6. HP: 37/47 MP: 5/11
  4465 | D:5      | Found a staircase to the Ecumenical Temple.
  4474 | Temple   | Entered the Ecumenical Temple
  5325 | D:5      | Noticed a sky beast
  5490 | D:5      | Your scales start taking on a weird mottled colour.
  5490 | D:5      | Reached XP level 7. HP: 44/53 MP: 2/13
  5583 | D:5      | Reached skill level 6 in Conjurations
  5912 | D:5      | Found a runed door.
  6090 | D:5      | Noticed Crazy Yiuf
  6096 | D:5      | Killed Crazy Yiuf
  6336 | D:5      | Found a bloodstained altar of Trog.
  6832 | D:6      | Found a sand-covered staircase.
  6839 | Ossuary  | Entered an ossuary
  6905 | Ossuary  | Noticed Bronet's ghost (novice DDFi)
  6933 | Ossuary  | Reached skill level 5 in Spellcasting
  6935 | Ossuary  | Killed Bronet's ghost
  6935 | Ossuary  | Reached XP level 8. HP: 15/63 MP: 14/16
  6976 | Ossuary  | HP: 3/63 [mummy (15)]
  6978 | Ossuary  | Mangled by a mummy

Vault maps used:
D:1:      minmay_arrival_diagonal_passages, minmay_surrounded
D:2:      first_bread
D:3:      ecumenical_altar_1
D:4:      minmay_misc_feat_columns
D:5:      lemuel_altar_in_water2, uniq_crazy_yiuf_cottage
D:6:      lightli_ossuary_entry_decrepit_ruins, abandoned_shop, uniq_edmund
Temple:   dpeg_five_rooms_temple
Ossuary:  ossuary_zaba_flooded

Skill      XL: |  1  2  3  4  5  6  7  8 |
---------------+-------------------------+-----
Dodging        | 2 3 |  3.3
Stealth        | 2 3 |  3.1
Spellcasting   | 3 4 5 |  5.6
Conjurations   | 5 6 |  6.7
Maces & Flails | 1 2 3 |  3.0
Fighting       | 1 3 |  3.2
Unarmed Combat | |  0.2

Action                   |  1- 3 |  4- 6 |  7- 9 || total
-------------------------+-------+-------+-------++-------
Melee: Unarmed           |    38 |       |       ||    38
       Tailslap          |     6 |     3 |     2 ||    11
       Club              |    20 |     7 |       ||    27
       Flail             |       |    21 |    40 ||    61
 Cast: Magic Dart        |    81 |   155 |    53 ||   289
       Searing Ray       |       |     6 |    15 ||    21
 Abil: Breathe Sticky Fl |       |       |     1 ||     1
  Use: Potion            |       |     1 |     4 ||     5
       Scroll            |       |       |    11 ||    11
  Eat: Chunk             |     4 |     6 |     2 ||    12
       Beef jerky        |       |     3 |       ||     3
       Meat ration       |       |       |     1 ||     1
Armor: Skin              |    18 |    35 |    28 ||    81
Dodge: Dodged            |    61 |    67 |    38 ||   166
